General information
- name: BNet
- type: Ladder team game (AT/RT)
- host: Battle.net
- saver: Vinterland
map: Deathknell
- players: 8
- length: 40:07
- speed: Fast
- version: 1.26 W3XP
- replay type: Public
» download(245 KB)
Players
team 1 (winner)

»
Evertone (
blue | 43 APM | 720 actions | 16:46)
4 Blademaster
2 Wind Walk
2 Critical Strike
» actions
| Assign group hotkey | 5 | |
| Basic commands | 5 | |
| Build / train | 48 | |
| Enter build submenu | 14 | |
| Enter hero's abilities submenu | 4 | |
| Remove unit from queue | 2 | |
| Right click | 426 | |
| Select / deselect | 156 | |
| Select group hotkey | 17 | |
| Use ability | 43 | |
720 total
» units
| Peon | 7 | |
| Grunt | 13 | |
| Shaman | 4 | |
| Troll Witch Doctor | 1 | |
25 total
» upgrades
| Pillage | 1 | |
| Armor | 3 | |
| Melee Weapons | 1 | |
| Shaman Training | 2 | |
| Witch Doctor Training | 2 | |
9 total
» buildings
| Altar of Storms | 1 | |
| Orc Burrow | 10 | |
| Barracks | 1 | |
| War Mill | 2 | |
| Voodoo Lounge | 1 | |
| Stronghold | 1 | |
| Fortress | 1 | |
| Spirit Lodge | 2 | |
19 total
» build order
00:10 Altar of Storms
00:17 Orc Burrow
00:40 Barracks
01:36 Orc Burrow
02:09 Orc Burrow
02:32 War Mill
04:39 War Mill
04:51 Orc Burrow
05:06 Voodoo Lounge
06:24 Orc Burrow
06:30 Stronghold
09:03 Fortress
09:09 Orc Burrow
09:18 Spirit Lodge
09:30 Spirit Lodge
12:56 Orc Burrow
12:57 Orc Burrow
12:59 Orc Burrow
13:01 Orc Burrow
» items
| Healing Salve | 2 | |
| Scroll of Speed | 1 | |
| Orb of Lightning | 1 | |
| Potion of Healing | 1 | |
5 total
Warren_Buffett (
yellow | 38 APM | 889 actions | 23:14)
3 Blademaster
2 Wind Walk
1 Critical Strike
» actions
| Assign group hotkey | 28 | |
| Build / train | 39 | |
| Enter build submenu | 31 | |
| Enter hero's abilities submenu | 3 | |
| Give item / drop item | 2 | |
| Remove unit from queue | 1 | |
| Right click | 210 | |
| Select / deselect | 179 | |
| Select group hotkey | 343 | |
| Use ability | 53 | |
889 total
» units
| Peon | 10 | |
| Mud Golem | 1 | |
| Ice Troll Trapper | 1 | |
| Ice Troll Berserker | 1 | |
| Goblin Shredder | 1 | |
| Tauren | 3 | |
17 total
» upgrades
| Armor | 1 | |
| Melee Weapons | 2 | |
| Reinforced Defenses | 1 | |
| Pulverize | 1 | |
5 total
» buildings
| Orc Burrow | 6 | |
| Altar of Storms | 1 | |
| Voodoo Lounge | 1 | |
| War Mill | 1 | |
| Watch Tower | 12 | |
| Stronghold | 1 | |
| Fortress | 2 | |
| Tauren Totem | 3 | |
27 total
» build order
00:25 Orc Burrow
00:36 Altar of Storms
00:52 Orc Burrow
01:25 Voodoo Lounge
02:19 War Mill
04:21 Watch Tower
05:23 Stronghold
05:54 Watch Tower
07:59 Watch Tower
08:28 Watch Tower
09:31 Fortress
10:27 Watch Tower
12:08 Tauren Totem
12:11 Tauren Totem
12:16 Tauren Totem
13:42 Orc Burrow
13:44 Orc Burrow
13:47 Orc Burrow
14:05 Orc Burrow
15:00 Watch Tower
15:13 Watch Tower
16:15 Watch Tower
17:39 Watch Tower
18:47 Watch Tower
20:01 Watch Tower
20:11 Watch Tower
» items
| Healing Salve | 3 | |
| Lesser Clarity Potion | 3 | |
| Scroll of Speed | 2 | |
| Scroll of Town Portal | 1 | |
9 total
Vinterland (
pink | 94 APM | 3780 actions | 40:07)
10 Archmage
3 Summon Water Elemental
3 Brilliance Aura
1 Mass Teleport
3 Blizzard
1 Death Knight
1 Unholy Aura
» actions
| Assign group hotkey | 126 | |
| Basic commands | 116 | |
| Build / train | 161 | |
| ESC pressed | 19 | |
| Enter build submenu | 60 | |
| Enter hero's abilities submenu | 12 | |
| Give item / drop item | 3 | |
| Right click | 1376 | |
| Select / deselect | 448 | |
| Select group hotkey | 1176 | |
| Use ability | 283 | |
3780 total
» units
| Peasant | 27 | |
| Footman | 7 | |
| Goblin Shredder | 3 | |
| Goblin Sapper | 1 | |
| Gryphon Rider | 14 | |
| Dragonhawk Rider | 9 | |
| Ice Troll Berserker | 1 | |
62 total
» upgrades
| Masonry | 3 | |
| Swords | 3 | |
| Armor | 3 | |
| Lumber Harvesting | 2 | |
| Animal War Training | 1 | |
| Cloud | 1 | |
| Storm Hammers | 1 | |
| Magic Sentry | 1 | |
15 total
» buildings
| Altar of Kings | 1 | |
| Barracks | 1 | |
| Farm | 11 | |
| Arcane Vault | 1 | |
| Lumber Mill | 2 | |
| Town Hall | 4 | |
| Keep | 4 | |
| Blacksmith | 1 | |
| Scout Tower | 38 | |
| Guard Tower | 22 | |
| Castle | 2 | |
| Gryphon Aviary | 4 | |
| Arcane Sanctum | 1 | |
92 total
» build order
00:48 Altar of Kings
00:51 Barracks
00:55 Farm
01:06 Farm
01:28 Arcane Vault
01:47 Lumber Mill
02:02 Farm
03:16 Farm
04:02 Town Hall
05:57 Keep
05:57 Keep
06:08 Farm
06:19 Farm
06:23 Farm
06:44 Blacksmith
06:51 Scout Tower
06:51 Scout Tower
06:57 Scout Tower
06:59 Scout Tower
07:03 Scout Tower
07:36 Guard Tower
08:13 Farm
08:19 Farm
08:20 Farm
08:21 Farm
08:23 Castle
09:33 Gryphon Aviary
09:36 Gryphon Aviary
10:58 Scout Tower
10:59 Scout Tower
11:00 Scout Tower
11:00 Scout Tower
11:03 Scout Tower
11:03 Scout Tower
11:05 Scout Tower
11:07 Scout Tower
12:03 Guard Tower
12:03 Guard Tower
14:00 Guard Tower
14:00 Guard Tower
14:00 Guard Tower
14:08 Scout Tower
14:10 Scout Tower
14:25 Scout Tower
14:26 Scout Tower
14:27 Scout Tower
14:28 Scout Tower
14:29 Scout Tower
15:15 Guard Tower
15:22 Town Hall
15:56 Guard Tower
16:38 Gryphon Aviary
16:39 Gryphon Aviary
17:46 Arcane Sanctum
19:05 Scout Tower
22:27 Scout Tower
22:29 Scout Tower
22:29 Scout Tower
22:30 Scout Tower
22:31 Scout Tower
22:32 Scout Tower
22:33 Scout Tower
23:54 Lumber Mill
25:22 Scout Tower
25:23 Scout Tower
25:28 Scout Tower
25:29 Scout Tower
25:33 Keep
25:33 Keep
25:34 Guard Tower
25:34 Guard Tower
25:51 Guard Tower
25:52 Guard Tower
27:46 Guard Tower
27:46 Guard Tower
27:48 Scout Tower
27:49 Scout Tower
27:52 Scout Tower
27:53 Scout Tower
27:54 Scout Tower
27:55 Scout Tower
29:21 Guard Tower
29:22 Guard Tower
29:58 Town Hall
33:59 Town Hall
» items
| Mechanical Critter | 2 | |
| Scroll of Regeneration | 5 | |
| Tiny Great Hall | 2 | |
| Scroll of Town Portal | 4 | |
| Staff of Sanctuary | 1 | |
14 total

»
Nil_ (
purple | 71 APM | 1915 actions | 27:02)
5 Death Knight
2 Death Coil
2 Unholy Aura
1 Death Pact
» actions
| Assign group hotkey | 36 | |
| Basic commands | 154 | |
| Build / train | 73 | |
| ESC pressed | 7 | |
| Enter build submenu | 31 | |
| Enter hero's abilities submenu | 5 | |
| Remove unit from queue | 1 | |
| Right click | 761 | |
| Select / deselect | 345 | |
| Select group hotkey | 442 | |
| Use ability | 60 | |
1915 total
» units
| Acolyte | 13 | |
| Ghoul | 5 | |
| Frost Wyrm | 14 | |
| Abomination | 2 | |
| Crypt Fiend | 8 | |
42 total
» upgrades
| Creature Attack | 3 | |
| Creature Carapace | 3 | |
| Ghoul Frenzy | 1 | |
| Freezing Breath | 1 | |
| Disease Cloud | 1 | |
| Web | 1 | |
10 total
» buildings
| Altar of Darkness | 1 | |
| Ziggurat | 12 | |
| Crypt | 1 | |
| Nerubian Tower | 1 | |
| Tomb of Relics | 1 | |
| Halls of the Dead | 1 | |
| Graveyard | 1 | |
| Spirit Tower | 6 | |
| Sacrificial Pit | 1 | |
| Black Citadel | 1 | |
| Boneyard | 3 | |
| Slaughterhouse | 1 | |
30 total
» build order
00:16 Altar of Darkness
00:18 Ziggurat
00:47 Crypt
01:30 Nerubian Tower
01:35 Tomb of Relics
02:06 Ziggurat
02:28 Halls of the Dead
02:52 Graveyard
03:04 Ziggurat
04:25 Spirit Tower
04:35 Spirit Tower
04:49 Sacrificial Pit
04:51 Black Citadel
04:58 Ziggurat
05:10 Ziggurat
05:17 Ziggurat
05:51 Spirit Tower
06:13 Spirit Tower
06:14 Spirit Tower
07:13 Boneyard
07:13 Boneyard
07:27 Boneyard
09:27 Ziggurat
10:51 Slaughterhouse
11:06 Ziggurat
13:05 Ziggurat
13:10 Ziggurat
13:11 Ziggurat
23:20 Ziggurat
24:09 Spirit Tower
» items
| Potion of Healing | 1 | |
| Scroll of Town Portal | 2 | |
| Orb of Fire | 1 | |
4 total
team 2 (loser)

»
AUDUSD (
orange | 56 APM | 2256 actions | 40:06)
7 Death Knight
3 Death Coil
2 Unholy Aura
2 Animate Dead
5 Lich
3 Frost Nova
2 Frost Armor
» actions
| Assign group hotkey | 63 | |
| Basic commands | 148 | |
| Build / train | 77 | |
| Enter build submenu | 15 | |
| Enter hero's abilities submenu | 13 | |
| Give item / drop item | 3 | |
| Right click | 495 | |
| Select / deselect | 343 | |
| Select group hotkey | 987 | |
| Use ability | 112 | |
2256 total
» units
| Acolyte | 4 | |
| Ghoul | 2 | |
| Crypt Fiend | 10 | |
| Obsidian Statue | 2 | |
| Necromancer | 8 | |
26 total
» upgrades
| Creature Carapace | 3 | |
| Creature Attack | 3 | |
| Web | 1 | |
| Skeletal Longevity | 1 | |
| Burrow | 1 | |
| Ghoul Frenzy | 1 | |
| Destroyer Form | 1 | |
| Skeletal Mastery | 1 | |
12 total
» buildings
| Ziggurat | 7 | |
| Graveyard | 1 | |
| Crypt | 1 | |
| Altar of Darkness | 1 | |
| Tomb of Relics | 1 | |
| Nerubian Tower | 1 | |
| Halls of the Dead | 1 | |
| Slaughterhouse | 1 | |
| Temple of the Damned | 1 | |
| Black Citadel | 2 | |
17 total
» build order
00:56 Ziggurat
01:01 Graveyard
01:22 Crypt
01:26 Altar of Darkness
01:36 Ziggurat
01:46 Tomb of Relics
02:14 Ziggurat
03:29 Nerubian Tower
05:09 Halls of the Dead
06:42 Ziggurat
07:24 Ziggurat
08:10 Slaughterhouse
08:22 Temple of the Damned
11:11 Black Citadel
11:11 Black Citadel
20:34 Ziggurat
21:01 Ziggurat
» items
| Dust of Appearance | 1 | |
| Sacrificial Skull | 3 | |
| Rod of Necromancy | 4 | |
| Potion of Healing | 1 | |
| Scroll of Town Portal | 6 | |
| Orb of Corruption | 1 | |
16 total

»
love2win (
red | 85 APM | 2715 actions | 32:02)
5 Death Knight
3 Death Coil
2 Unholy Aura
3 Lich
2 Frost Nova
1 Frost Armor
» actions
| Assign group hotkey | 33 | |
| Basic commands | 3 | |
| Build / train | 66 | |
| ESC pressed | 2 | |
| Enter build submenu | 41 | |
| Enter hero's abilities submenu | 8 | |
| Give item / drop item | 1 | |
| Right click | 1021 | |
| Select / deselect | 507 | |
| Select group hotkey | 930 | |
| Use ability | 103 | |
2715 total
» units
| Acolyte | 22 | |
| Ghoul | 7 | |
| Frost Wyrm | 8 | |
37 total
» upgrades
| Freezing Breath | 1 | |
| Creature Attack | 2 | |
| Creature Carapace | 2 | |
5 total
» buildings
| Altar of Darkness | 1 | |
| Crypt | 1 | |
| Ziggurat | 14 | |
| Graveyard | 1 | |
| Halls of the Dead | 1 | |
| Nerubian Tower | 2 | |
| Tomb of Relics | 1 | |
| Sacrificial Pit | 1 | |
| Black Citadel | 1 | |
| Necropolis | 2 | |
| Boneyard | 3 | |
| Spirit Tower | 4 | |
32 total
» build order
00:16 Altar of Darkness
00:26 Crypt
00:41 Ziggurat
01:11 Graveyard
01:34 Ziggurat
01:39 Ziggurat
02:41 Halls of the Dead
02:56 Nerubian Tower
02:59 Ziggurat
03:01 Ziggurat
03:12 Tomb of Relics
04:00 Ziggurat
05:06 Sacrificial Pit
05:18 Black Citadel
06:18 Necropolis
06:21 Ziggurat
06:32 Ziggurat
06:45 Ziggurat
07:49 Boneyard
07:52 Boneyard
08:15 Spirit Tower
08:19 Nerubian Tower
08:21 Spirit Tower
08:33 Ziggurat
09:46 Spirit Tower
09:51 Boneyard
15:01 Spirit Tower
17:31 Ziggurat
17:57 Ziggurat
17:59 Ziggurat
18:04 Ziggurat
22:12 Necropolis
» items
| Scroll of Town Portal | 2 | |
| Orb of Corruption | 2 | |
| Scroll of Healing | 1 | |
| Potion of Healing | 1 | |
6 total
william-walllac (
teal | 62 APM | 2485 actions | 40:06)
5 Archmage
3 Summon Water Elemental
1 Brilliance Aura
1 Mass Teleport
» actions
| Assign group hotkey | 40 | |
| Basic commands | 213 | |
| Build / train | 79 | |
| Enter build submenu | 26 | |
| Enter hero's abilities submenu | 5 | |
| Give item / drop item | 1 | |
| Right click | 834 | |
| Select / deselect | 295 | |
| Select group hotkey | 874 | |
| Use ability | 118 | |
2485 total
» units
| Peasant | 15 | |
| Footman | 6 | |
| Goblin Shredder | 2 | |
| Dragonhawk Rider | 4 | |
| Gryphon Rider | 5 | |
32 total
» upgrades
| Masonry | 3 | |
| Cloud | 1 | |
| Animal War Training | 1 | |
| Swords | 2 | |
| Armor | 2 | |
9 total
» buildings
| Altar of Kings | 1 | |
| Barracks | 1 | |
| Farm | 12 | |
| Scout Tower | 34 | |
| Arcane Tower | 2 | |
| Lumber Mill | 1 | |
| Arcane Vault | 1 | |
| Town Hall | 2 | |
| Guard Tower | 16 | |
| Keep | 2 | |
| Castle | 2 | |
| Gryphon Aviary | 4 | |
| Blacksmith | 1 | |
79 total
» build order
00:08 Altar of Kings
00:21 Barracks
00:38 Farm
00:55 Farm
01:35 Scout Tower
01:44 Farm
02:04 Arcane Tower
02:32 Lumber Mill
02:46 Arcane Vault
03:11 Farm
03:55 Town Hall
03:58 Scout Tower
04:00 Scout Tower
04:02 Scout Tower
04:28 Arcane Tower
04:42 Guard Tower
06:04 Keep
06:25 Scout Tower
06:25 Scout Tower
06:29 Scout Tower
06:30 Scout Tower
06:32 Scout Tower
07:00 Guard Tower
07:18 Guard Tower
07:27 Guard Tower
07:47 Scout Tower
07:48 Scout Tower
07:48 Scout Tower
07:48 Scout Tower
07:49 Scout Tower
07:50 Scout Tower
08:03 Guard Tower
08:20 Guard Tower
08:20 Guard Tower
08:35 Guard Tower
08:44 Farm
08:45 Farm
08:45 Farm
08:47 Farm
08:47 Farm
08:48 Farm
08:52 Castle
08:55 Gryphon Aviary
09:18 Guard Tower
09:38 Gryphon Aviary
10:22 Gryphon Aviary
10:58 Gryphon Aviary
11:56 Scout Tower
11:56 Scout Tower
11:56 Scout Tower
11:57 Scout Tower
11:57 Scout Tower
11:58 Scout Tower
11:59 Scout Tower
12:00 Scout Tower
12:01 Scout Tower
12:02 Scout Tower
12:07 Blacksmith
12:36 Guard Tower
13:06 Guard Tower
13:29 Farm
13:29 Farm
14:00 Guard Tower
14:11 Guard Tower
14:22 Scout Tower
14:23 Scout Tower
14:23 Scout Tower
14:23 Scout Tower
15:42 Guard Tower
16:10 Town Hall
20:02 Scout Tower
20:03 Scout Tower
20:03 Scout Tower
20:03 Scout Tower
20:05 Scout Tower
20:37 Guard Tower
20:51 Keep
26:45 Castle
» items
| Scroll of Regeneration | 3 | |
| Scroll of Town Portal | 3 | |
| Potion of Healing | 2 | |
8 total

»
super_doosh (
green | 56 APM | 1531 actions | 27:34)
5 Far Seer
3 Feral Spirit
2 Chain Lighting
» actions
| Assign group hotkey | 25 | |
| Build / train | 66 | |
| Enter build submenu | 39 | |
| Enter hero's abilities submenu | 5 | |
| Remove unit from queue | 3 | |
| Right click | 472 | |
| Select / deselect | 291 | |
| Select group hotkey | 556 | |
| Use ability | 74 | |
1531 total
» units
| Peon | 9 | |
| Grunt | 3 | |
| Goblin Shredder | 1 | |
| Shaman | 8 | |
| Tauren | 4 | |
| Gnoll Overseer | 3 | |
| Mud Golem | 2 | |
| Troll Witch Doctor | 5 | |
35 total
» upgrades
| Spiked Barricades | 1 | |
| Melee Weapons | 3 | |
| Armor | 3 | |
| Shaman Training | 2 | |
| Reinforced Defenses | 1 | |
| Pulverize | 1 | |
| Witch Doctor Training | 2 | |
| Spirit Walker Training | 1 | |
14 total
» buildings
| Orc Burrow | 8 | |
| Altar of Storms | 1 | |
| Barracks | 1 | |
| War Mill | 1 | |
| Voodoo Lounge | 2 | |
| Stronghold | 1 | |
| Watch Tower | 13 | |
| Great Hall | 2 | |
| Fortress | 1 | |
| Spirit Lodge | 2 | |
| Tauren Totem | 2 | |
| Beastiary | 3 | |
37 total
» build order
00:27 Orc Burrow
00:36 Altar of Storms
00:52 Barracks
01:42 War Mill
02:01 Voodoo Lounge
02:28 Orc Burrow
03:42 Stronghold
04:14 Orc Burrow
05:16 Watch Tower
05:29 Watch Tower
05:49 Watch Tower
05:57 Great Hall
07:22 Watch Tower
07:24 Watch Tower
08:06 Fortress
08:28 Watch Tower
08:35 Watch Tower
09:14 Spirit Lodge
09:18 Watch Tower
09:21 Watch Tower
09:36 Watch Tower
09:40 Orc Burrow
10:13 Watch Tower
10:43 Tauren Totem
10:47 Tauren Totem
11:45 Orc Burrow
12:43 Orc Burrow
13:19 Orc Burrow
14:07 Orc Burrow
14:41 Voodoo Lounge
21:31 Watch Tower
23:23 Watch Tower
25:33 Great Hall
25:41 Spirit Lodge
25:43 Beastiary
25:47 Beastiary
25:50 Beastiary
» items
| Healing Salve | 1 | |
| Lesser Clarity Potion | 1 | |
| Orb of Lightning | 1 | |
| Scroll of Town Portal | 3 | |
6 total
Chat log
(00:20 / Allies) Warren_Buffett: nii you tech to frosts?
(00:24 / Allies) Nil_: yes
(00:30 / Allies) Warren_Buffett: alright i feed you
(01:06 / Allies) Warren_Buffett: once i get set up
(01:12 / Allies) Nil_: cool
(04:15 / Allies) Warren_Buffett: blue what you and pink getting?
(04:19 / Allies) Vinterland: air
(05:37 / Allies) Warren_Buffett: ready to expo yet purp?
(05:49 / Allies) Warren_Buffett: get ghouls... lets use
(06:04 / Allies) Warren_Buffett: all of them
(09:11 / Allies) Nil_: i'm good now thanks
(10:44 / All) william-walllac: turn off ur mh yel
(11:00 / All) Warren_Buffett: mh?
(11:28 / All) Vinterland: purp almost losing dk creeping with t3
(11:34 / Allies) Evertone: help
(11:48 / Allies) Warren_Buffett: tp purp
(11:50 / Allies) Warren_Buffett: shit
(11:57 / Allies) Nil_: coming
(12:01 / Allies) Warren_Buffett: are you joking?
(12:25 / Allies) Warren_Buffett: wow
(12:36 / All) Vinterland: Purple creeps with t3 and a level 2 dk and almost loses it
(12:46 / Allies) Warren_Buffett: pink has 4k gold and no units.
(12:54 / Allies) Nil_: didn't know this map. fucking rock gollems magic imune lol
(13:53 / Allies) Warren_Buffett: lumber?
(14:40 / Allies) Warren_Buffett: purp dont tp...
(14:44 / Allies) Warren_Buffett: they are hitting us
(15:19 / Allies) Warren_Buffett: tp now
(15:30 / Allies) Warren_Buffett: pink you suck so bad
(15:31 / Allies) Evertone: fuck u
(15:38 / Allies) Vinterland: doing more than you have all game
(15:40 / Allies) Vinterland: Kill yourself
(15:53 / Allies) Warren_Buffett: pink you lose for us
(16:25 / All) Vinterland: Red can't defend from 50 food of air
(16:44 / Allies) Evertone: gg
(16:57 / All) Vinterland: lol
(17:00 / All) Vinterland: Took you long enough
(17:24 / All) AUDUSD: you did not help your teammate
(17:29 / All) Vinterland: I don't need them buddy
(17:38 / All) Vinterland: You should have left at the start, AUDUSD
(18:07 / Allies) Warren_Buffett: cause he sux
(18:42 / All) Vinterland: You're the cunt, bitch
(18:54 / All) Vinterland: You're getting raped
(18:57 / All) Vinterland: Just one big cunt
(19:15 / Allies) Warren_Buffett: lol they win though... you did nothing
(19:20 / Allies) Warren_Buffett: it doesnt change that
(19:25 / Allies) Warren_Buffett: .... gay boy
(19:38 / All) Vinterland: LOL
(20:29 / Allies) Warren_Buffett: run pink
(20:29 / All) Vinterland: lol
(20:31 / Allies) Warren_Buffett: run
(21:19 / All) Vinterland: Bye bye, yellow
(21:42 / All) Warren_Buffett: he is tking
(22:04 / All) Warren_Buffett: so i give you xp
(22:29 / All) AUDUSD: teal ?
(22:34 / All) Vinterland: lol
(22:39 / All) Vinterland: Told you to leave orange
(22:47 / All) Vinterland: Thanks for the mine yellow
(23:08 / Allies) Warren_Buffett: youre a waste of life... pink
(23:15 / Allies) Vinterland: Oh, you think so buddy?
(23:16 / Allies) Vinterland: lol
(23:38 / All) Vinterland: tp
(23:39 / All) Vinterland: tp red
(23:40 / All) Vinterland: tp out
(23:41 / All) Vinterland: tp red
(24:33 / Allies) Vinterland: f m kill purp then
(26:06 / All) Vinterland: lol
(26:16 / All) Vinterland: Unsummon? Thanks for speeding it up
(27:10 / All) Vinterland: lol
(27:30 / All) Vinterland: all that for a mine with 220 gold
(28:34 / All) Vinterland: Hey red buddy
(28:36 / All) Vinterland: Do you have a tp?
(28:39 / All) Vinterland: You might need a tp buddy
(28:41 / All) Vinterland: Red buddy!
(29:09 / All) Vinterland: forgot to rehotkey my am
(29:28 / All) Vinterland: That was gay
(29:31 / All) Vinterland: I thought my am was there
(30:28 / All) william-walllac: AUD is such a faggot lol
(30:42 / All) Vinterland: He's a fiendbot this time around
(30:47 / All) AUDUSD: Maybe yellow and teal dont know
(30:57 / All) AUDUSD: I have plenty time to waste
(31:14 / All) william-walllac: yes oj
(31:18 / All) william-walllac: we're the same guys from last night
(31:19 / All) william-walllac: u nigger
(31:24 / All) Vinterland: You have a lot of time to waste that's for sure, you might have a long life
(31:30 / All) AUDUSD: U nigger
(31:32 / All) AUDUSD: stfu
(31:47 / All) Vinterland: tp buddy!
(31:48 / All) william-walllac: u shoudl have known it was us
(31:49 / All) Vinterland: tp buddy!
(31:51 / All) Vinterland: what's wrong no tp?
(31:53 / All) Vinterland: tp buddy!
(32:02 / All) Vinterland: tp buddy!
(32:04 / All) Vinterland: TP orange!
(32:05 / All) Vinterland: TP!
(32:11 / All) Vinterland: What's wrong buddy?
(32:22 / All) AUDUSD: only 3 of us left
(32:30 / All) AUDUSD: I will go toilet
(32:32 / All) william-walllac: lol
(32:35 / All) AUDUSD: see how you guys go
(32:37 / All) william-walllac: australian nigger
(32:38 / All) william-walllac: Right here
(32:41 / All) Vinterland: Go take a shit and see how it resembles your play
(32:55 / All) william-walllac: rod if i didnt have mass tp im not sure i could have pulled this off
(33:01 / All) AUDUSD: show me how much time you can waste with me
(33:18 / All) Vinterland: Buddy you're wasting time too
(33:20 / All) Vinterland: It goes both ways
(33:23 / All) Vinterland: You could altqq anytime
(33:40 / All) william-walllac: audusud is such a nigger lol
(33:53 / All) AUDUSD: no one can heal dude
(33:58 / All) AUDUSD: only 3 of us
(34:03 / All) AUDUSD: 2 of you are cunts
(34:07 / All) Vinterland: lol
(34:08 / All) AUDUSD: bring it on
(34:10 / All) william-walllac: wut
(34:11 / All) william-walllac: lol
(34:14 / All) Vinterland: WOT U FUCKIN CUNT M8
(34:22 / All) william-walllac: ill always hav ebeef with audusd like i said
(34:28 / All) william-walllac: he left in that game i almost pulled out
(36:06 / All) william-walllac: i have to take a mean piss
(36:10 / All) william-walllac: audusd make me work hard
(36:14 / All) william-walllac: this gam efelt good rod lol
(36:18 / All) Vinterland: queue up a lot of buildings and come back
(36:21 / All) william-walllac: i really despise this prick oj
(36:24 / All) william-walllac: really despise
(36:27 / All) william-walllac: he is a cocky prick
(36:40 / All) Vinterland: I hated that battle where I went down a lot of food
(36:42 / All) Vinterland: I forgot to rehotkey my am
(36:47 / All) Vinterland: and thought you'd kill the fiends faster
(37:03 / All) william-walllac: i was going for the dks but they kept healign each other
(37:13 / All) william-walllac: i didnt wan tthem to tp away if u netted their worms
(37:25 / All) william-walllac: no standoff its just oj left
(37:32 / All) Vinterland: I know
(37:53 / All) AUDUSD: how do you feel when you kill those buildings ?
(38:04 / All) Vinterland: Like I'm taking out the trash
(38:06 / All) AUDUSD: 7
(38:07 / All) AUDUSD: 5
(38:07 / All) Vinterland: except it's less stinky
(38:08 / All) AUDUSD: 3
(38:09 / All) AUDUSD: 2
(38:10 / All) AUDUSD: 1
(38:11 / All) Vinterland: or at least I can't smell it
(38:14 / All) Vinterland: since it's in australia
(38:29 / All) AUDUSD: be quick
(38:38 / All) AUDUSD: lets meet another game
(39:15 / All) william-walllac: finish it?
(39:20 / All) AUDUSD: yes
(39:23 / All) AUDUSD: please
(39:24 / All) AUDUSD: quick
(39:27 / All) Vinterland: Where's trhe last building
(39:31 / All) Vinterland: oh
(39:34 / All) Vinterland: kill that
(39:36 / All) william-walllac: oj is still here
(39:40 / All) AUDUSD: lol
(39:44 / All) william-walllac: he pretended to be afk
(40:01 / All) william-walllac: oj are u afraid u may mtach us again